 Dungeon Crawl Stone Soup version 0.22-a0-223-g0f5d773 (webtiles) character file.

1164 4thArraOfDagon the Insei (level 8, -3/55 HPs)
             Began as an Octopode Arcane Marksman on Feb 18, 2018.
             Was a Priest of Cheibriados.
             Killed by nerve-wracking pain
             ... invoked by Grinder
              (11 damage)
             ... on level 6 of the Dungeon.
             The game lasted 00:13:38 (2784 turns).

4thArraOfDagon the Insei (Octopode Arcane Marksman) Turns: 2784, Time: 00:13:39

Health: -3/55      AC:  1    Str: 16 (17) XL:     8   Next: 40%
Magic:  20/20      EV: 20    Int: 22 (23) God:    Cheibriados [***...]
Gold:   189        SH:  0    Dex: 22 (23) Spells: 5/9 levels left

rFire    . . .     SeeInvis +     - Unarmed
rCold    . . .     Gourm    .   (no shield)
rNeg     . . .     Faith    .   (helmet restricted)
rPois    .         Spirit   .   (no amulet)
rElec    .         Reflect  .   f - +2 ring of strength
rCorr    .         Harm     .   i - +4 ring of evasion
MR       .....                  e - ring of see invisible
Stlth    +++.......             k - ring of flight
HPRegen  0.18/turn              u - ring of magical power
MPRegen  0.17/turn              (no ring)
                                (no ring)
                                (no ring)

@: about to teleport, very slow
A: almost no armour, stealthy swim, amphibious, 8 rings, constrict 8, camouflage
1, agile 2, screaming 1, gelatinous body 1
a: Bend Time, Temporal Distortion, Renounce Religion, Evoke Flight


You were on level 6 of the Dungeon.
You worshipped Cheibriados.
Cheibriados was most pleased with you.
You were not hungry.

You visited 1 branch of the dungeon, and saw 6 of its levels.

You collected 189 gold pieces.

Inventory:

Missiles
 m - 5 javelins (quivered)
Jewellery
 e - a ring of see invisible (on tentacle)
 f - a +2 ring of strength (left tentacle)
 i - a +4 ring of evasion (right tentacle)
 j - an uncursed ring of ice
 k - a ring of flight (on tentacle)
 u - a ring of magical power (on tentacle)
Scrolls
 b - 2 scrolls of magic mapping
 d - 5 scrolls of identify
 g - a scroll of fog {unknown}
 w - a scroll of holy word {unknown}
Comestibles
 a - 12 rations
 c - a chunk of flesh


   Skills:
 + Level 5.2 Fighting
 - Level 2.0 Throwing
 + Level 4.4 Dodging
 * Level 5.6 Unarmed Combat
 - Level 1.0 Spellcasting
 - Level 3.0 Hexes
 + Level 4.1 Invocations


You had 5 spell levels left.
You knew the following spells:

 Your Spells              Type           Power        Failure   Level  Hunger
a - Corona                Hex            ##.....      4%          1    ##.....
b - Inner Flame           Hex/Fire       #.......     24%         3    ####...


Dungeon Overview and Level Annotations

Branches:
Dungeon (6/15)
 Temple: D:4-7

Altars:
Cheibriados
Hepliaklqana
Qazlal
Vehumet
The Shining One

Annotations:
D:4 PeterLawrence's ghost, amateur MiFi
D:6 Grinder


Innate Abilities, Weirdness & Mutations

You cannot wear most types of armour.
You are very stealthy in the water. (Stealth+)
You are amphibious.
You can wear up to eight rings at the same time.
You can use your tentacles to constrict eight enemies at once.
Your skin changes colour to match your surroundings (Stealth+).
Your rubbery body absorbs attacks. (AC +1, EV +1)
You are very agile. (Dex +4)
You occasionally shout uncontrollably at your foes.


Message History

You feel sick.
You feel sick.
You feel sick.
You feel sick.
You feel sick.
You are no longer poisoned.
Grinder is too close now for your liking.
Grinder is nearby!
Grinder is nearby!
Grinder is nearby!
Grinder is nearby!
Unknown command.
Grinder shouts!
As you read the scroll of teleportation, it crumbles to dust.
You feel strangely unstable.
Unknown command.
Unknown command.
Grinder gestures at you. Pain shoots through your body!
You die...

#################
#...............#
#.####....5.@.#.#
#.# #)######.#)#
#####.####)###
#.#.#
....#........#
#[#o#
###.#........#
#.#.#
.............#
#†#.. #
###..........#
#.########.#
#..........#
#.....F....#
.....#.......#
#########.!#


You could see Grinder.

Vanquished Creatures
  Prince Ribbit (D:6)
  2 ogres
  Blork the orc (D:4)
  2 crimson imps
  A quasit (D:5)
  Crazy Yiuf (D:3)
  A bullfrog skeleton (D:4)
  7 orc wizards
  4 orc priests
  An iguana (D:4)
  Natasha (thrice) (D:3)
  3 gnolls (D:2)
  3 adders
  A shadow imp (D:5)
  An adder zombie (D:5)
  2 dart slugs
  A worm (D:2)
  4 leopard geckos
  14 orcs
  6 bats
  4 giant cockroaches
  7 goblins
  10 hobgoblins
  4 jackals (D:2)
  5 frilled lizards
  A goblin skeleton (D:4)
  A goblin zombie (D:4)
  A hobgoblin zombie (D:4)
  7 kobolds
  2 kobold skeletons (D:4)
  3 kobold zombies (D:4)
  An orc skeleton (D:4)
  An orc zombie (D:4)
  A rat (D:1)
107 creatures vanquished.

Notes
Turn   | Place    | Note
-------+----------+-------------------------------------------
     0 | D:1      | 4thArraOfDagon the Octopode Arcane Marksman began the quest for the Orb.
     0 | D:1      | Reached XP level 1. HP: 13/13 MP: 2/2
   110 | D:3      | Noticed Natasha
   110 | D:3      | Noticed an orc wizard
   115 | D:2      | Reached XP level 2. HP: 6/19 MP: 3/3
   161 | D:2      | HP: 1/20 [frilled lizard (1)]
   375 | D:2      | Reached XP level 3. HP: 13/26 MP: 4/4
   382 | D:2      | Learned a level 3 spell: Inner Flame
   494 | D:2      | Found a snail-covered altar of Cheibriados.
   503 | D:2      | Became a worshipper of Cheibriados the Contemplative
   642 | D:2      | Found a faded altar of an unknown god.
   764 | D:1      | Reached * piety under Cheibriados
   803 | D:1      | Reached skill level 1 in Unarmed Combat
   803 | D:1      | Reached XP level 4. HP: 15/31 MP: 5/5
  1057 | D:2      | Found a radiant altar of Vehumet.
  1097 | D:2      | Reached skill level 1 in Invocations
  1220 | D:3      | Found a runed door.
  1224 | D:3      | Noticed Crazy Yiuf
  1230 | D:3      | Killed Crazy Yiuf
  1230 | D:3      | Reached XP level 5. HP: 37/37 MP: 6/6
  1344 | D:3      | Reached ** piety under Cheibriados
  1442 | D:4      | Noticed PeterLawrence's ghost (amateur MiFi)
  1444 | D:4      | Noticed Blork the orc
  1504 | D:3      | Killed Natasha
  1512 | D:3      | Noticed Natasha
  1521 | D:3      | Killed Natasha
  1564 | D:3      | Reached XP level 6. HP: 16/43 MP: 7/7
  1670 | D:3      | Noticed Natasha
  1689 | D:3      | Killed Natasha
  1796 | D:4      | Found a glowing golden altar of the Shining One.
  1927 | D:4      | Killed Blork the orc
  1986 | D:5      | Entered Level 5 of the Dungeon
  2013 | D:5      | Found a stormy altar of Qazlal.
  2061 | D:4      | Reached XP level 7. HP: 49/49 MP: 8/8
  2375 | D:5      | Reached *** piety under Cheibriados
  2407 | D:5      | Found a hazy altar of Hepliaklqana.
  2466 | D:6      | Noticed Grinder
  2475 | D:6      | Paralysed by Grinder for 7 turns
  2494 | D:6      | Reached XP level 8. HP: 5/54 MP: 10/10
  2496 | D:6      | Gained mutation: You occasionally shout uncontrollably at your foes. [potion of mutation]
  2496 | D:6      | Gained mutation: You are agile. (Dex +2) [potion of mutation]
  2496 | D:6      | Gained mutation: You are very agile. (Dex +4) [potion of mutation]
  2512 | D:6      | Reached skill level 5 in Unarmed Combat
  2647 | D:6      | Noticed Prince Ribbit
  2670 | D:6      | Killed Prince Ribbit
  2670 | D:6      | Reached skill level 5 in Fighting
  2784 | D:6      | Killed from afar by Grinder

Vault maps used:
D:1:      dpeg_arrival_ratfight
D:2:      kennysheep_slug_shrine, marbit_many_paths,
          nicolae_overflow_hidden_temple, first_ration,
          chequers_ecumenical_altar_twisty, supply_closet_lemuel
D:3:      uniq_crazy_yiuf_cottage, uniq_natasha
D:4:      nicolae_tso_besieged_by_evil, uniq_blork_the_orc
D:5:      nicolae_qazlal_eye_of_the_storm, nicolae_overflow_crystal_walls,
          serial_bayou_pond_c, grunt_ministairs_11,
          minmay_misc_feat_secret_circle
D:6:      old_standard_altar, minitemple, uniq_prince_ribbit1, uniq_grinder

Skill      XL: |  1  2  3  4  5  6  7  8 |
---------------+-------------------------+-----
Fighting       | 2 3 4 5 |  5.2
Unarmed Combat | 1 2 3 4 5 |  5.6
Invocations    | 1 2 3 4 |  4.1
Dodging        | 3 4 |  4.4
Throwing       | |  2.0
Spellcasting   | |  1.0
Hexes          | |  3.0

Action                   |  1- 3 |  4- 6 |  7- 9 || total
-------------------------+-------+-------+-------++-------
Melee: Unarmed           |    43 |   121 |    63 ||   227
       Constrict         |    21 |    43 |    19 ||    83
       Tentacles         |    11 |    40 |    25 ||    76
       Short sword       |    30 |       |       ||    30
       Punch             |       |     5 |     2 ||     7
Throw: Javelin           |    13 |     9 |     7 ||    29
       Throwing net      |     1 |     1 |     1 ||     3
Invok: Temporal Distorti |       |       |     1 ||     1
Evoke: Wand              |       |       |     6 ||     6
  Use: Potion            |       |       |    10 ||    10
       Scroll            |       |       |     4 ||     4
 Stab: Sleeping          |     4 |     4 |     3 ||    11
       Distracted        |       |     2 |       ||     2
       Held in net/web   |       |       |     1 ||     1
  Eat: Chunk             |       |     2 |     2 ||     4
Armor: Skin              |     2 |     4 |     2 ||     8
Dodge: Dodged            |    48 |    83 |    44 ||   175

Table legend:
 A = Spawn XP
 B = Non-spawn XP
 C = Spawn XP percentage of total XP
 D = Spawn monster count
 E = Non-spawn monster count
 F = Spawn count percentage of total count
 G = Total turns spent on level
                    A         B        C        D         E        F      G
               +---------+---------+-------+---------+---------+-------+---------
         Total |       0 |    1663 |   0.0 |       0 |     107 |   0.0 |  2784
               +---------+---------+-------+---------+---------+-------+---------
           D:1 |       0 |      26 |   0.0 |       0 |      13 |   0.0 |   359
           D:2 |       0 |     122 |   0.0 |       0 |      30 |   0.0 |   791
           D:3 |       0 |     254 |   0.0 |       0 |      21 |   0.0 |   587
           D:4 |       0 |     413 |   0.0 |       0 |      22 |   0.0 |   423
           D:5 |       0 |     314 |   0.0 |       0 |      11 |   0.0 |   306
           D:6 |       0 |     534 |   0.0 |       0 |      10 |   0.0 |   318
               +---------+---------+-------+---------+---------+-------+---------
